 Dungeon Crawl Stone Soup version 0.27-a0-1026-gbab068f60c (webtiles) character file.

Game seed: 3187066970336989743

102 Morbidden the Sneak (level 4, -5/40 HPs)
             Began as a Deep Dwarf Brigand on Apr 17, 2021.
             Killed from afar by an orc wizard (7 damage)
             ... with a magic dart
             ... on level 3 of the Dungeon.
             The game lasted 00:03:02 (1486 turns).

Morbidden the Sneak (Deep Dwarf Brigand)            Turns: 1486, Time: 00:03:02

Health: -5/40      AC:  3    Str: 15    XL:     4   Next: 49%
Magic:  4/4        EV: 12    Int: 12    God:
Gold:   146        SH:  0    Dex: 14    Spells: 3/3 levels left

rFire    . . .     SeeInvis .   b - +1 dagger (venom)
rCold    . . .     Faith    .   (no shield)
rNeg     . . .     Spirit   .   g - +0 robe
rPois    .         Reflect  .   (no helmet)
rElec    .         Harm     .   c - +0 cloak
rCorr    .         Rampage  .   (no gloves)
Will     .....                  (no boots)
Stlth    +++.......             (no amulet)
HPRegen  0.00/turn              (no ring)
MPRegen  0.09/turn              (no ring)

@: lethally poisoned (-5 -> -5), non-regenerating
A: damage resistance, heal wounds, sense surroundings 1, no regeneration
a: Heal Wounds


You were on level 3 of the Dungeon.
You visited 1 branch of the dungeon, and saw 3 of its levels.

You collected 146 gold pieces.

Inventory:

Hand Weapons
 a - a +2 dagger
 b - a +1 dagger of venom (weapon)
Missiles
 d - 20 poisoned darts (quivered)
 e - 2 curare-tipped darts
Armour
 c - a +0 cloak (worn)
 g - a +0 robe (worn)
Potions
 f - a potion of heal wounds {unknown}


   Skills:
 * Level 2.5 Fighting
 + Level 2.3 Short Blades
 + Level 2.2 Throwing
 + Level 1.6 Dodging
 + Level 6.0 Stealth


You had 3 spell levels left.
You didn't know any spells.
Your spell library was empty.

Dungeon Overview and Level Annotations

Branches:
Dungeon (3/15)

Altars:


Innate Abilities, Weirdness & Mutations

You are resistant to damage.
You can heal yourself by infusing magical energy.
You passively map a small area around you.
You do not regenerate.


Message History

The adder is moderately wounded.
The adder bites you.
You are more poisoned.
The adder poisons you! The orc hits you with a +0 flail!
You hit the adder but do no damage.
The adder is moderately wounded.
The adder barely misses you. The orc barely misses you.
You closely miss the adder.
The adder is moderately wounded.
The adder closely misses you. The orc hits you with a +0 flail.
* * * LOW HITPOINT WARNING * * *
Unknown command.
You hit the adder.
The adder is severely wounded.
The adder closely misses you.
You miss the adder.
The adder is heavily wounded.
The adder barely misses you. The orc closely misses you.
You hit the orc.
The orc is poisoned.
The orc is heavily wounded.
The adder closely misses you. The orc hits you but does no damage.
The adder bites you.
You are more poisoned.
The adder poisons you!
You barely miss the orc.
The orc is severely wounded.
You kill the orc!
The orc wizard points at you and mumbles some strange words.
The puff of flame hits you!
* * * LOW HITPOINT WARNING * * *
The adder bites you but does no damage.
You hit the adder.
The adder is poisoned.
The adder is severely wounded.
The adder misses you.
You hit the adder.
The adder looks as sick as possible!
The adder is almost dead.
You kill the adder!
The orc wizard gestures at you while chanting.
The magic dart hits you!
You die...

.###....###...###.....#
*
........#########...#..
........'...........#..
* , ,
,........#....#### ..#
, ......###........
..#... #.†...... * , ,
..+... #.#...... , *,
,#... *#o#......, *
*..., #@#...?.. , ,,
#)# ..... , , #o. ##.o#
, *, , , , ...., ..#, ,
* ..... , * .....<#,*
......#,* , , ........
,, , ,


You could see an orc wizard and an orc.

Vanquished Creatures
  An orc priest (D:3)
  3 adders (D:3)
  A dart slug (D:1)
  2 orcs (D:3)
  3 ball pythons (D:1)
  3 endoplasms (D:1)
  2 giant cockroaches (D:1)
  4 hobgoblins (D:1)
  6 jackals
  2 quokkas (D:1)
  4 bats
  3 frilled lizards
  8 goblins
  5 kobolds
  4 rats
51 creatures vanquished.

Notes
Turn   | Place    | Note
-------+----------+-------------------------------------------
     0 | D:1      | Morbidden the Deep Dwarf Brigand began the quest for the
                  | Orb.
     0 | D:1      | Reached XP level 1. HP: 19/19 MP: 1/1
    52 | D:1      | Reached skill level 5 in Stealth
   204 | D:1      | Reached XP level 2. HP: 24/26 MP: 2/2
   534 | D:1      | Found a faded altar of an unknown god.
   589 | D:1      | Reached XP level 3. HP: 26/32 MP: 3/3
  1465 | D:3      | Reached skill level 6 in Stealth
  1465 | D:3      | Reached XP level 4. HP: 28/40 MP: 4/4
  1484 | D:3      | HP: 2/40 [orc wizard/puff of flame (8)]
  1486 | D:3      | Killed from afar by an orc wizard

Illustrated notes

Levels and vault maps discovered:
D:1:      lightli_arrival_statue_moat, layout_basic,
          ebering_ecumenical_altar_sacrificial, due_unseen_surprise
D:2:      layout_rooms
D:3:      wad_pebble_path, layout_basic, uniq_crazy_yiuf_cottage

Skill      XL: |  1  2  3 |
---------------+----------+-----
Stealth        | 5 6 |  6.0
Throwing       | 2 |  2.2
Short Blades   | 2 |  2.3
Fighting       | 2 |  2.5
Dodging        | |  1.6

Action                   |  1- 3 |  4- 6 || total
-------------------------+-------+-------++-------
Melee: Dagger            |   103 |    20 ||   123
Throw: Dart              |    10 |       ||    10
  Use: Scroll            |     3 |       ||     3
       Potion            |     3 |       ||     3
 Stab: Sleeping          |    14 |       ||    14
       Distracted        |     1 |       ||     1
Armor: Robe              |    25 |     6 ||    31
Dodge: Dodged            |    68 |    16 ||    84

Table legend: (Time is in decaauts)
 A = Elapsed time spent in this place.
 B = Non-inter-level travel time spent in this place.
 C = Inter-level travel time spent in this place.
 D = Time resting spent in this place.
 E = Time spent auto-exploring this place.
 F = Levels seen in this place.
 G = Mean time per level.
                   A        B        C        D        E       F      G
               +--------+--------+--------+--------+--------+-----+--------+
         Total |   1471 |   1435 |     36 |      0 |   1063 |   3 |  490.3 |
       Dungeon |   1471 |   1435 |     36 |      0 |   1063 |   3 |  490.3 |
               +--------+--------+--------+--------+--------+-----+--------+

Top non-repeatable levels by time:
     D:1: 908 daAuts
     D:2: 486 daAuts
     D:3: 76 daAuts
